 Dungeon Crawl Stone Soup version 0.30.1-11-g7821555f0a (webtiles) character file.

Game seed: 9416613491473940986

753 Udruchatel the Cleaver (level 7, -9/60 HPs)
             Began as a Hill Orc Fighter on Nov 15, 2023.
             Killed by an exploding iguana (32 damage)
             ... ignited by their inner flame
             ... on level 5 of the Dungeon on Nov 16, 2023.
             The game lasted 01:43:13 (3859 turns).

Udruchatel the Cleaver (Hill Orc Fighter)           Turns: 3859, Time: 01:43:17

Health: -9/60      AC: 12    Str: 21    XL:     7   Next: 78%
Magic:  7/7        EV:  6    Int:  8    God:
Gold:   227        SH:  4    Dex: 10    Spells: 6/6 levels left

rFire   . . .        a - +0 war axe
rCold   . . .        c - +0 buckler
rNeg    . . .        y - +0 plate armour
rPois   +            (no helmet)
rElec   .            (no cloak)
rCorr   .            (no gloves)
SInv    +            (no boots)
Will    .....        A - amulet of regeneration
Stlth   x              - ring of poison resistance
HPRegen 1.10/turn    j - ring of see invisible
MPRegen 0.10/turn

%: no passive effects
@: no status effects
A: no striking features
a: no special abilities


You were on level 5 of the Dungeon.
You visited 1 branch of the dungeon, and saw 5 of its levels.

You collected 227 gold pieces.

Inventory:

Hand Weapons
 a - a +0 war axe (weapon)
 k - a +0 sling
Missiles
 h - 19 stones
 m - 2 atropa-tipped darts (quivered)
Armour
 c - a +0 buckler (worn)
 y - a +0 plate armour (worn)
Jewellery
 i - a +5 ring of evasion
 j - a ring of see invisible (right hand)
 v - a ring of resist corrosion
 x - a ring of poison resistance (left hand)
 A - an amulet of regeneration (around neck)
Scrolls
 l - a scroll of fog
 n - a scroll of identify
 q - 2 scrolls of noise
 r - 4 scrolls of teleportation
 s - a scroll of immolation
 w - a scroll of enchant weapon
 z - a scroll of butterflies
Potions
 b - a potion of berserk rage {unknown}
 d - 2 potions of might
 e - a potion of brilliance {unknown}
 f - 6 potions of heal wounds
 g - a potion of curing {unknown}
 o - 2 potions of mutation {unknown}
 p - a potion of attraction {unknown}
 t - a potion of invisibility {unknown}
 u - a potion of lignification {unknown}
 B - a potion of flight {unknown}
 C - a potion of haste {unknown}


   Skills:
 + Level 4.7 Fighting
 * Level 9.5 Axes
 + Level 4.4 Armour
 + Level 4.2 Shields


You had 6 spell levels left.
You didn't know any spells.
Your spell library contained the following spells:

 Spells                   Type           Power      Damage    Failure   Level
 Dazzling Flash           Conj/Hex       0%         N/A       100%        3
 Ignite Poison            Fire/Tmut/Pois 0%         N/A       100%        3
 Volatile Blastmotes      Fire/Tloc      0%         2d10      100%        3
 Iskenderun's Mystic Bla  Conj/Tloc      0%         2d3       100%        4
 Sticky Flame             Conj/Fire      0%         2d3       100%        4
 Starburst                Conj/Fire      0%         6d3       100%        6
 Ignition                 Fire           0%         3d3       100%        8


Dungeon Overview and Level Annotations

Branches:
Dungeon (5/15)
 Temple: D:4-7

Altars:
Nemelex Xobeh
Qazlal
Ru
Sif Muna
Uskayaw
Vehumet
Wu Jian
Yredelemnul
Zin

Shops:
D:2 (

Annotations:
D:5 Grinder, Prince Ribbit


Message History

Pikel hits you with a +1 whip of electrocution.
There is a stone staircase leading up, spattered with blood here.
Really read the scroll of immolation?
Uppercase [Y]es or [N]o only, please.
Really read the scroll of immolation?
As you read the scroll of immolation, it crumbles to dust.
The creatures around you are filled with an inner flame!
You block the iguana's attack. The lemure barely misses you. x3
Pikel says, "I knew I should've brought a map."
Pikel hits you with a +1 whip of electrocution.
You closely miss Pikel. You slash the lemure!
Flame seeps out of the lemure.
You hit the lemure.
Flame seeps out of the lemure.
You slash the lemure!
Flame seeps out of the lemure.
You closely miss the iguana. The iguana bites you.
The lemure is engulfed in blazing flames.
Flame seeps out of the lemure.
The lemure barely misses you.
The lemure is engulfed in blazing flames.
Flame seeps out of the lemure.
The lemure hits you but does no damage.
The lemure is engulfed in blazing flames.
Flame seeps out of the lemure.
The lemure hits you. Pikel barely misses you.
You slash Pikel!
Flame seeps out of Pikel.
Pikel is moderately wounded.
You barely miss the lemure. You slash the lemure!
Flame seeps out of the lemure.
You closely miss the iguana. You hit the lemure.
Flame seeps out of the lemure.
The iguana barely misses you.
The lemure is engulfed in blazing flames.
That felt strangely unrewarding.
The lemure explodes!
The fiery explosion engulfs you!
The lemure is engulfed in blazing flames.
That felt strangely unrewarding.
The lemure explodes!
The fiery explosion engulfs Pikel!!
Flame seeps out of Pikel.
Pikel is severely wounded.
The fiery explosion engulfs the iguana!!
The fiery explosion engulfs you!
The iguana explodes!
The fiery explosion engulfs Pikel!!
The fiery explosion engulfs you!!
Ouch! That really hurt!
You die...

#. ##. #... #...# #....###
#...§§§### ##...§§°§.##
#....§○@§§.# #.....5§°§..#
#.......§§..# #..........>#
### #............. ##.#
...............#..#
###..............##..######
..#.............###..#.....
...... #........


You could see a lemure (inner flame).

Vanquished Creatures
  Pikel (D:5)
  Edmund (D:4)
  Duvessa (D:4)
  3 lemures
  2 scorpions
  Dowan (D:4)
  A jelly (D:4)
  3 hounds
  4 iguanas
  An orc wizard (D:3)
  7 adders
  2 dart slugs (D:1)
  4 orcs
  10 ball pythons
  4 endoplasms
  2 giant cockroaches
  7 goblins
  6 hobgoblins
  3 kobolds
  5 quokkas
  7 bats
  7 frilled lizards
  10 rats
92 creatures vanquished.

Notes
Turn   | Place    | Note
-------+----------+-------------------------------------------
     0 | D:1      | Udruchatel the Hill Orc Fighter began the quest for the
                  | Orb.
     0 | D:1      | Reached XP level 1. HP: 19/19 MP: 1/1
    95 | D:1      | Reached XP level 2. HP: 27/27 MP: 2/2
   165 | D:1      | Reached skill level 3 in Axes
   422 | D:1      | Reached XP level 3. HP: 33/33 MP: 3/3
   591 | D:2      | Found a faded altar of an unknown god.
   630 | D:2      | Found Samuppiu's Antique Weapon Boutique.
   826 | D:2      | Reached skill level 4 in Axes
   885 | D:2      | Reached XP level 4. HP: 37/40 MP: 4/4
  1476 | D:3      | Reached skill level 5 in Axes
  1538 | D:3      | Reached XP level 5. HP: 41/46 MP: 5/5
  1650 | D:3      | Found a sparkling altar of Nemelex Xobeh.
  1715 | D:3      | Found a sacrificial altar of Ru.
  1716 | D:3      | Found a radiant altar of Vehumet.
  1716 | D:3      | Found a basalt altar of Yredelemnul.
  1720 | D:3      | Found a stormy altar of Qazlal.
  1724 | D:3      | Found an ornate altar of the Wu Jian Council.
  1725 | D:3      | Found a shimmering blue altar of Sif Muna.
  2154 | D:3      | Found a hide-covered altar of Uskayaw.
  2155 | D:3      | Found a glowing silver altar of Zin.
  2418 | D:4      | Reached skill level 6 in Axes
  2438 | D:4      | Noticed Duvessa
  2438 | D:4      | Noticed Dowan
  2619 | D:4      | Reached skill level 7 in Axes
  2619 | D:4      | Reached XP level 6. HP: 52/52 MP: 6/6
  2840 | D:4      | Noticed Edmund
  2855 | D:4      | Killed Edmund
  2856 | D:4      | Reached skill level 8 in Axes
  3237 | D:4      | Reached XP level 7. HP: 59/60 MP: 7/7
  3255 | D:4      | Killed Duvessa
  3286 | D:4      | Killed Dowan
  3287 | D:4      | Reached skill level 9 in Axes
  3576 | D:5      | Entered Level 5 of the Dungeon
  3576 | D:5      | Noticed Grinder
  3759 | D:5      | Noticed Prince Ribbit
  3846 | D:5      | Noticed Pikel
  3859 | D:5      | Killed Pikel
  3859 | D:5      | Killed by an exploding iguana... ignited by their inner
                  | flame

Illustrated notes

Levels and vault maps discovered:
D:1:      saegor_arrival_under_anarchy, layout_basic
D:2:      minmay_inner_zag, layout_loops_ring, ebering_ecumenical_altar_box,
          serial_shops, nicolae_diamond_shop
D:3:      layout_basic, minitemple, gammafunk_temple_overflow_forgotten,
          hangedman_decor_points
D:4:      layout_basic, minmay_crystal_room, uniq_edmund, uniq_duvessa
D:5:      minmay_polygon_palace, layout_cave_pods,
          minmay_temple_entry_glassed_door, serial_shops,
          nicolae_shop_advertising_works [nicolae_subvault_shop_adworks],
          uniq_prince_ribbit1, uniq_sigmund, uniq_pikel, uniq_grinder

Skill      XL: |  1  2  3  4  5  6  7 |
---------------+----------------------+-----
Axes           | 3 4 5 7 8 9 |  9.5
Fighting       | 4 |  4.7
Shields        | 4 |  4.2
Armour         | 4 |  4.4

Action                     |  1- 3 |  4- 6 |  7- 9 || total
---------------------------+-------+-------+-------++-------
  Melee: War axe           |   111 |   179 |    67 ||   357
  Throw: Stone             |     7 |     8 |       ||    15
         Dart              |       |       |     3 ||     3
    Use: Potion            |       |     2 |       ||     2
         Scroll            |       |       |     7 ||     7
 Armour: Scale mail        |    33 |       |       ||    33
         Chain mail        |    19 |    23 |       ||    42
         Plate armour      |       |    29 |    35 ||    64
  Dodge: Dodged            |    72 |    46 |    37 ||   155
  Block: Buckler           |    28 |    34 |    15 ||    77
